Map: 2000 Atmospheres LE

Players

MaxPax

  • Race: Protoss Protoss

Clem - Winner!

  • Race: Terran Terran

Event: DreamHack SC2 Masters 2021 Fall

VOD

Have the link to the VOD?

Description

Time

  • Played on: Aug. 14, 2021, 1:37 p.m.
  • Length: 22:19

All games in this series

Show
View Real Time Build Order
Export as new Build Order

MaxPax Protoss 

Build Orders:  

Get SALT Encoding   

  12  0:00  Probe  
  13  0:12  Probe  
  14  0:16  Pylon  
  14  0:24  Probe (Chrono Boost)  
  16  0:36  Gateway, Probe (Chrono Boost)  
  16  0:43  Probe (Chrono Boost)  
  16  0:47  Assimilator  
  17  0:50  Probe  
  18  1:03  Probe  
  19  1:15  Probe  
  20  1:27  Probe  
  20  1:28  Cybernetics Core  
  21  1:35  Zealot  
  21  1:37  Pylon  
  23  1:55  Probe  
  24  2:02  Stalker (Chrono Boost)  
  26  2:13  Warp Gate  
  26  2:18  Nexus  
  26  2:22  Adept (Chrono Boost)  
  25  2:29  Assimilator  
  27  2:32  Probe  
  28  2:45  Shield Battery, Probe  
  28  2:49  Adept  
  31  3:03  Pylon  
  31  3:15  Probe  
  30  3:22  Twilight Council  
  31  3:27  Probe  
  28  3:42  Probe x2 (Chrono Boost)  
  28  3:43  Shield Battery  
  29  3:53  Gateway, Probe (Chrono Boost)  
  29  3:55  Probe (Chrono Boost)  
  31  3:58  Probe (Chrono Boost)  
  31  4:00  Stalker  
  31  4:01  Blink (Chrono Boost)  
  34  4:03  Probe  
  34  4:08  Probe  
  34  4:16  Probe  
  35  4:21  Probe  
  36  4:24  Robotics Facility  
  36  4:27  Stalker  
  36  4:29  Probe  
  39  4:35  Pylon  
  39  4:37  Probe  
  40  4:48  Stalker  
  40  4:50  Stalker  
  44  4:53  Probe  
  44  4:54  Probe  
  44  5:01  Gateway  
  44  5:03  Gateway  
  44  5:08  Probe  
  44  5:13  Stalker  
  45  5:17  Pylon  
  44  5:25  Probe  
  44  5:27  Probe  
  46  5:31  Assimilator x2  
  46  5:32  Immortal (Chrono Boost)  
  48  5:37  Stalker  
  50  5:43  Probe  
  50  5:45  Probe  
  52  5:51  Stalker  
  54  5:59  Stalker x2  
  54  6:01  Probe  
  54  6:02  Probe  
  60  6:05  Warp Prism (Chrono Boost)  
  60  6:12  Pylon  
  60  6:13  Probe  
  60  6:16  Pylon  
  61  6:24  Robotics Bay  
  61  6:27  Pylon  
  61  6:28  Forge  
  61  6:32  Stalker x3  
  67  6:52  Observer (Chrono Boost)  
  68  6:58  Stalker x4  
  76  7:11  Nexus  
  74  7:16  Probe x2  
  74  7:17  Charge  
  74  7:21  Protoss Ground Weapons Level 1 (Chrono Boost)  
  76  7:24  Colossus (Chrono Boost)  
  76  7:28  Probe  
  84  7:30  Probe  
  84  7:35  Shield Battery  
  84  7:40  Probe  
  85  7:48  Extended Thermal Lance (Chrono Boost), Probe  
  86  7:56  Gateway x2  
  86  8:00  Pylon  
  86  8:17  Colossus (Chrono Boost)  
  86  8:18  Probe  
  93  8:21  Shield Battery  
  93  8:23  Sentry  
  93  8:24  Zealot x3  
  101  8:27  Probe  
  88  8:46  Zealot x2  
  88  8:47  Zealot x2  
  88  8:48  Gateway  
  88  8:51  Pylon  
  88  8:52  Zealot x6  
  100  8:56  Pylon  
  100  9:04  Colossus (Chrono Boost)  
  100  9:05  Photon Cannon  
  102  9:21  Stalker, Zealot  
  102  9:22  Stalker x3  
  112  9:31  Dark Shrine  
  112  9:35  Pylon  
  108  9:40  Stalker  
  100  9:46  Zealot x5  
  108  9:54  Protoss Ground Weapons Level 2  
  108  9:59  Stalker  
  104  10:02  Disruptor (Chrono Boost)  
  104  10:04  Stalker  
  104  10:06  Stalker  
  111  10:10  Zealot x3  
  117  10:18  Assimilator  
  117  10:23  Assimilator  
  117  10:25  Stalker x2  
  119  10:29  Disruptor (Chrono Boost)  
  122  10:39  Zealot x4  
  122  10:40  Zealot  
  132  10:49  Photon Cannon  
  111  10:57  Probe x2  
  111  10:58  Probe  
  111  11:01  Disruptor (Chrono Boost)  
  111  11:03  Stalker x2  
  121  11:09  Probe x2  
  121  11:10  Probe  
  124  11:17  Shadow Stride (Chrono Boost)  
  122  11:33  Nexus, Disruptor (Chrono Boost)  
  122  11:35  Pylon  
  122  11:37  Dark Templar x2  
  122  11:38  Dark Templar  
  129  11:47  Photon Cannon  
  129  11:53  Probe  
  130  11:54  Photon Cannon  
  130  11:56  Dark Templar x2  
  123  12:23  Observer (Chrono Boost)  
  123  12:35  Dark Templar x2  
  123  12:36  Dark Templar x3  
  133  12:40  Probe  
  130  13:05  Disruptor (Chrono Boost)  
  130  13:07  Probe x2  
  135  13:13  Stalker x6  
  135  13:14  Stalker  
  135  13:18  Gateway  
  135  13:19  Gateway  
  141  13:43  Zealot x5  
  141  13:45  Disruptor (Chrono Boost)  
  138  14:11  Pylon x3  
  138  14:15  Protoss Ground Weapons Level 3 (Chrono Boost)  
  131  14:22  Pylon  
  131  14:24  Disruptor (Chrono Boost)  
  131  14:28  Photon Cannon  
  132  14:37  Stalker x5  
  132  14:38  Stalker x3  
  142  14:42  Nexus  
  142  14:43  Pylon  
  142  14:52  Observer  
  143  14:53  Observer (Chrono Boost)  
  143  15:06  Dark Templar x2  
  143  15:07  Dark Templar x4  
  153  15:28  Stalker x2  
  153  15:30  Disruptor  
  153  15:32  Stalker  
  144  15:55  Stalker x9  
  158  16:03  Colossus (Chrono Boost)  
  152  16:13  Probe x3  
  152  16:15  Photon Cannon  
  155  16:19  Dark Templar x2  
  155  16:21  Zealot x2  
  162  16:35  Dark Templar  
  162  16:39  Zealot x3  
  166  16:50  Observer  
  159  16:59  Dark Templar x2  
  159  17:00  Zealot x4  
  155  17:17  Colossus (Chrono Boost)  
  145  17:34  Zealot x3  
  145  17:35  Zealot x5  
  145  17:55  Dark Templar x3  
  145  17:56  Dark Templar  
  151  18:00  Zealot x3  
  145  18:20  Colossus (Chrono Boost)  
  151  18:27  Zealot x4  
  130  18:45  Stalker x2  
  130  18:46  Stalker x3  
  133  18:55  Dark Templar  
  93  19:30  Stalker x9  
  95  19:52  Zealot  
  95  19:53  Zealot x8  
  89  20:19  Nexus  
  89  20:22  Dark Templar  
  91  20:43  Dark Templar x2  
  93  21:09  Dark Templar  
  93  21:21  Zealot  
  93  21:22  Zealot x3  
  55  21:45  Stalker x3  
  55  21:55  Dark Templar x2  
  49  22:11  Stalker x2  
Show
View Real Time Build Order
Export as new Build Order

Clem Terran - Winner!

Build Orders:  

Get SALT Encoding   

  12  0:00  SCV  
  13  0:12  SCV  
  14  0:16  Supply Depot  
  14  0:24  SCV  
  15  0:36  Refinery  
  15  0:38  SCV  
  16  0:44  Barracks  
  16  0:50  SCV  
  17  1:02  SCV  
  17  1:04  Engineering Bay  
  18  1:14  SCV  
  19  1:25  Engineering Bay  
  19  1:26  SCV  
  20  1:36  Marine  
  20  1:39  Orbital Command  
  21  1:50  Factory  
  21  1:57  Barracks Reactor  
  21  2:04  Supply Depot  
  21  2:05  SCV  
  22  2:17  SCV  
  23  2:23  Command Center  
  23  2:29  SCV  
  24  2:33  Marine x2, Factory Tech Lab  
  26  2:37  Supply Depot  
  26  2:41  SCV  
  26  2:44  Refinery  
  27  2:51  Marine x2  
  27  2:53  SCV  
  29  3:01  Cyclone  
  32  3:07  SCV  
  32  3:09  Marine x2  
  34  3:19  SCV  
  33  3:27  Marine x2  
  32  3:32  Barracks  
  32  3:39  Cyclone  
  33  3:42  SCV  
  33  3:44  Marine x2  
  36  3:54  SCV  
  37  3:55  Barracks  
  37  4:02  Marine x2  
  38  4:03  SCV  
  40  4:16  Orbital Command  
  41  4:17  SCV  
  41  4:19  Siege Tank  
  41  4:20  Marine  
  41  4:24  Barracks Tech Lab  
  44  4:25  Marine  
  44  4:31  Supply Depot  
  45  4:38  Marine  
  45  4:42  SCV  
  45  4:43  Marine  
  45  4:44  SCV  
  48  4:47  Marine x2  
  47  4:54  SCV  
  47  4:56  Marine  
  47  5:00  Marine  
  47  5:04  SCV  
  47  5:05  Marine  
  47  5:07  SCV  
  49  5:10  Siege Tank, Marine  
  49  5:14  Marine  
  52  5:17  Supply Depot  
  53  5:24  Marine x2, Stimpack  
  53  5:25  SCV  
  54  5:29  Marine  
  54  5:32  Marine  
  54  5:34  SCV  
  57  5:42  Marine  
  57  5:43  Marine, Supply Depot  
  57  5:44  SCV  
  57  5:47  Marine  
  59  5:50  Marine  
  56  5:57  Siege Tank  
  56  5:58  SCV x2  
  56  6:00  Marine  
  56  6:01  Marine  
  61  6:04  Supply Depot  
  61  6:09  Marauder  
  61  6:10  SCV x2  
  60  6:14  Starport  
  60  6:19  Engineering Bay  
  60  6:22  SCV  
  60  6:23  Marine x2  
  60  6:25  SCV  
  64  6:27  Refinery  
  64  6:34  Marauder  
  64  6:38  Marauder, SCV, Factory Reactor  
  68  6:40  Supply Depot  
  68  6:42  Marine x2  
  68  6:44  SCV  
  68  6:45  Combat Shield  
  71  6:49  Terran Infantry Weapons Level 1  
  71  6:52  SCV  
  72  6:58  Supply Depot, Refinery  
  72  7:00  SCV, Missile Turret  
  72  7:01  Marine x2  
  74  7:05  Marauder  
  74  7:08  Marauder  
  76  7:15  Supply Depot  
  76  7:20  Marine, Medivac x2  
  81  7:22  Factory Reactor  
  81  7:26  Marauder  
  81  7:28  Supply Depot  
  81  7:29  Marauder  
  85  7:32  Marine  
  85  7:33  Supply Depot  
  86  7:39  SCV x2  
  86  7:41  Marine  
  89  7:47  Supply Depot  
  89  7:48  Concussive Shells, Marauder  
  89  7:50  Marine  
  92  7:53  Marauder  
  92  7:55  Medivac  
  92  7:58  Marine, Medivac  
  98  8:04  Widow Mine  
  98  8:05  Widow Mine  
  103  8:07  Marine  
  103  8:11  Marauder, Supply Depot  
  104  8:18  Marine  
  105  8:20  Marauder  
  107  8:28  Command Center  
  107  8:29  Marine  
  107  8:32  Marauder  
  107  8:33  SCV  
  105  8:39  SCV  
  105  8:41  Widow Mine x2, Marine  
  102  8:42  Marauder  
  104  8:52  Marine  
  104  8:53  Marauder  
  107  8:56  Terran Infantry Armor Level 1, Supply Depot  
  107  9:00  Barracks x2  
  105  9:03  Marine  
  105  9:04  Widow Mine x2  
  105  9:05  SCV  
  111  9:10  SCV  
  111  9:12  Marine  
  111  9:14  Marauder  
  114  9:17  Marauder  
  114  9:19  Medivac x2  
  114  9:22  Marine  
  119  9:27  SCV x2  
  119  9:30  Widow Mine x2  
  125  9:36  Marine  
  125  9:38  Marauder  
  123  9:39  SCV  
  123  9:40  SCV  
  123  9:41  Marine  
  123  9:43  Marauder  
  120  9:47  SCV  
  120  9:48  Barracks Reactor, Barracks Tech Lab  
  118  9:53  Widow Mine, Marine  
  118  9:55  SCV  
  118  9:59  Marauder  
  121  10:00  SCV  
  121  10:04  Marine, Marauder  
  121  10:06  Orbital Command  
  125  10:10  Marauder  
  125  10:12  SCV  
  128  10:18  Armory  
  128  10:20  Marine, Engineering Bay, Marauder  
  131  10:26  Marauder, SCV  
  131  10:28  Marine x2  
  136  10:31  Marauder, Marine  
  133  10:37  Widow Mine  
  133  10:38  Widow Mine  
  133  10:39  Marine  
  133  10:42  Marauder  
  121  10:47  Marauder  
  121  10:48  SCV x2  
  112  10:52  Marauder  
  112  10:54  Medivac x2  
  115  10:58  Marine  
  115  10:59  Widow Mine x2  
  115  11:00  SCV x2  
  115  11:02  SCV  
  115  11:03  Marauder  
  123  11:07  Refinery  
  123  11:11  Marine x3  
  123  11:13  Terran Infantry Weapons Level 2  
  123  11:16  Missile Turret, Terran Infantry Armor Level 2  
  124  11:19  Marauder  
  126  11:28  Command Center  
  126  11:31  Viking  
  128  11:36  Viking  
  128  11:38  Marine  
  128  11:39  Marine x2  
  132  11:40  Marine  
  132  11:41  Marauder  
  132  11:43  Marauder  
  132  11:45  Marauder  
  140  11:51  Missile Turret  
  140  11:53  Supply Depot  
  140  11:56  Widow Mine x2  
  140  11:57  Marine  
  140  11:59  Marine  
  146  12:02  Marine x2  
  146  12:03  Marauder  
  146  12:04  Marauder  
  146  12:06  Marine  
  146  12:07  Viking  
  154  12:09  Viking  
  154  12:13  SCV  
  154  12:14  SCV x2  
  148  12:18  Marine x2  
  148  12:20  Widow Mine  
  148  12:22  Widow Mine  
  154  12:24  Marauder  
  154  12:26  Supply Depot  
  154  12:29  Marine, Ghost Academy  
  157  12:32  Marine x2  
  159  12:38  Terran Ship Weapons Level 1  
  159  12:39  Viking  
  161  12:44  Viking  
  161  12:54  Marine x4  
  159  12:58  Ghost x2  
  163  13:10  Barracks  
  163  13:12  Barracks x2  
  161  13:17  Missile Turret  
  161  13:19  Viking  
  162  13:23  Viking  
  160  13:29  Marauder  
  160  13:33  SCV  
  161  13:36  Ghost  
  161  13:39  Ghost  
  149  13:42  SCV x2  
  149  13:43  Marine x2  
  149  13:44  Marine  
  146  13:54  Medivac x2  
  146  13:55  Marine x2  
  145  14:03  SCV  
  145  14:04  SCV  
  145  14:05  Marauder  
  145  14:07  Marine x2  
  145  14:08  SCV  
  145  14:15  SCV  
  142  14:17  Barracks Tech Lab x3  
  142  14:23  Terran Infantry Weapons Level 3  
  142  14:27  SCV  
  142  14:31  Planetary Fortress  
  143  14:32  SCV  
  143  14:33  SCV  
  143  14:37  Ghost  
  141  14:40  Ghost  
  143  14:48  SCV x2  
  143  14:50  Viking  
  143  14:51  Viking  
  148  14:55  Missile Turret  
  148  15:03  Ghost  
  150  15:10  Refinery  
  150  15:12  SCV x2, Refinery  
  149  15:15  Starport  
  149  15:17  Marine  
  149  15:18  Marauder x2  
  154  15:22  Marine  
  154  15:23  Marine  
  154  15:24  Marauder  
  158  15:30  Viking  
  157  15:39  Marauder  
  157  15:41  Marauder, SCV  
  161  15:45  SCV  
  135  15:52  Ghost  
  135  15:54  Missile Turret  
  135  15:55  Marine x2  
  135  15:56  Marauder x2  
  134  16:01  Marauder  
  126  16:05  Marauder x2  
  126  16:10  Marine  
  126  16:11  Marine  
  132  16:17  Marauder  
  132  16:18  Marauder  
  136  16:24  Medivac x2  
  140  16:27  Marine x2  
  140  16:29  Marauder x2  
  140  16:31  Marauder  
  148  16:42  Missile Turret  
  148  16:45  Command Center  
  150  16:47  Marauder  
  150  16:52  Marine x2  
  150  16:54  Marauder  
  152  16:55  Medivac  
  150  17:02  Marauder x2  
  150  17:03  Marine  
  153  17:09  Marauder  
  153  17:10  Marine x2  
  153  17:15  Viking  
  151  17:17  Medivac  
  149  17:23  Marine x2  
  149  17:24  Marauder  
  149  17:27  Medivac  
  149  17:28  Marine  
  137  17:33  Ghost  
  137  17:36  Medivac  
  134  17:39  Marine, Marauder  
  134  17:43  Ghost  
  132  17:51  Marine x2  
  134  17:52  Refinery  
  134  17:53  Marauder  
  134  17:55  Ghost  
  138  17:59  Marine x2  
  138  18:04  Marine  
  141  18:06  Ghost  
  141  18:10  Ghost  
  141  18:12  Marine  
  140  18:16  Marine  
  140  18:17  Marine  
  140  18:20  Marine  
  140  18:21  Marine  
  140  18:22  Marauder  
  140  18:24  Marine  
  145  18:32  Orbital Command  
  133  18:34  Ghost x2  
  133  18:36  Marauder  
  133  18:40  Marauder  
  109  18:42  Marauder  
  109  18:46  Marauder  
  104  18:50  Marine  
  104  18:52  Marine  
  106  18:57  Marine, Marauder  
  106  19:01  Marauder  
  107  19:03  Marauder  
  107  19:09  Medivac  
  101  19:16  Marauder  
  95  19:19  Marauder  
  82  19:27  SCV  
  82  19:29  SCV x2  
  86  19:35  Planetary Fortress  
  85  19:39  SCV  
  85  19:42  Marine  
  87  19:50  Orbital Command  
  87  19:52  Marauder  
  89  19:54  Marine x2  
  88  20:01  Marine, Ghost  
  88  20:04  SCV  
  90  20:12  Marauder  
  88  20:15  SCV  
  88  20:19  Marauder  
  78  20:25  Ghost  
  79  20:30  Marine  
  80  20:36  Ghost  
  80  20:42  Marine x3  
  82  20:46  Marauder  
  82  20:47  SCV  
  88  20:54  Marine  
  88  20:55  SCV  
  88  20:57  SCV  
  84  21:06  Marauder, Marine  
  84  21:08  Marine  
  84  21:11  SCV  
  89  21:17  Marine x2  
  91  21:21  Marauder  
  91  21:23  Marine x2  
  92  21:28  Marine  
  92  21:32  Marine  
  85  21:39  Marauder  
  82  21:46  Marauder x2, Marine  
  83  21:51  Marine x2  
  85  22:00  SCV  

Tags
 
Add a new tag
Caveats
  • Supply blocks, unpowered buildings, or Contaminate may cause inaccurate times.
  • Supply counts are checked every 10 seconds.